 Dungeon Crawl Stone Soup version 0.30.0-5-g1a98f26d00 (webtiles) character file.

Game seed: 12980298776139949987

1433 NeonRainbow the Skirmisher (level 9, -4/55 (61) HPs)
             Began as a Formicid Hunter on May 8, 2023.
             Was an Initiate of Gozag.
             Engulfed by a cloud of flame (24 damage)
             ... on level 10 of the Dungeon.
             The game lasted 00:07:00 (3833 turns).

NeonRainbow the Skirmisher (Formicid Hunter)        Turns: 3833, Time: 00:07:01

HP:   -4/55 (61)    AC:  3    Str: 16    XL:     9   Next: 3%
MP:   9/9           EV: 12    Int:  9    God:    Gozag
Gold: 1184          SH:  0    Dex: 21    Spells: 8/8 levels left

rFire   . . .        a - +0 shortbow
rCold   . . .        (no shield)
rNeg    . . .        c - +0 leather armour
rPois   .            (helmet unavailable)
rElec   .            (no cloak)
rCorr   .            (no gloves)
SInv    +            (no boots)
Will    .....        m - amulet of regeneration
Stlth   ++           g - +4 ring of slaying
HPRegen 1.09/turn    (no ring)
MPRegen 0.11/turn

%: no passive effects
@: gold aura, drained
A: permanent stasis, dig shafts and tunnels, antennae 3, four strong arms
a: Dig, Shaft Self, Renounce Religion, Potion Petition, Call Merchant, Bribe
Branch


You were on level 10 of the Dungeon.
You worshipped Gozag.
Gozag was most pleased with you.
You visited 1 branch of the dungeon, and saw 8 of its levels.

You collected 1253 gold pieces.
You paid 69 gold pieces to Gozag.

Inventory:

Hand Weapons
 a - a +0 shortbow (weapon)
Missiles
 i - 13 poisoned darts
 n - 2 datura-tipped darts
Armour
 c - a +0 leather armour (worn)
Jewellery
 f - a +6 ring of intelligence
 g - a +4 ring of slaying (left hand)
 m - an amulet of regeneration (around neck)
 o - an amulet of reflection
Scrolls
 b - a scroll of immolation
 k - a scroll of poison
Potions
 d - 2 potions of brilliance
 e - a potion of heal wounds
 h - a potion of haste
 j - 2 potions of attraction
 p - a potion of magic


   Skills:
 - Level 2.1 Fighting
 + Level 11.2 Ranged Weapons
 - Level 1.7 Dodging
 - Level 1.2 Stealth


You had 8 spell levels left.
You didn't know any spells.
Your spell library contained the following spells:

 Spells                   Type           Power      Damage    Failure   Level
 Gell's Gravitas          Tloc           0%         N/A       83%         3
 Ozocubu's Armour         Ice            0%         N/A       83%         3
 Teleport Other           Tloc           0%         N/A       83%         3
 Arcjolt                  Conj/Air       0%         1d10      100%        5
 Dispersal                Tloc           0%         N/A       100%        6
 Ozocubu's Refrigeration  Ice            0%         4d7       100%        7
 Maxwell's Capacitive Co  Air            0%         ∞         100%        8
 Vhi's Electric Charge    Tloc/Air       Unusable   N/A       N/A         3

Dungeon Overview and Level Annotations

Branches:
Dungeon (8/15)             Temple (0/1) D:6
   Lair: D:8-11

Altars:
Gozag


Innate Abilities, Weirdness & Mutations

You cannot be hasted, slowed, berserked, paralysed or teleported.
You can dig through walls and to a lower floor.
You have a pair of large antennae on your head. (SInv)
Your four strong arms can wield two-handed weapons with a shield.


Message History

You shoot an arrow. The arrow hits the killer bee.
The killer bee buzzes angrily.
The killer bee is moderately wounded.
A killer bee comes into view.
You shoot an arrow. The killer bee buzzes angrily. x2
The arrow hits the killer bee but does no damage.
The killer bee is moderately wounded.
A killer bee comes into view. x2
The killer bee completely misses you.
The killer bee moves out of view.
You shoot an arrow. The killer bee buzzes angrily.
The arrow hits the killer bee but does no damage.
The killer bee is moderately wounded.
The killer bee closely misses you. The killer bee stings you.
You shoot an arrow. The arrow misses the killer bee.
You shoot an arrow. The arrow misses the killer bee.
The arrow barely misses the killer bee.
The killer bee barely misses you. The killer bee stings you!
You shoot an arrow. The arrow hits the killer bee!
The killer bee is severely wounded.
The killer bee barely misses you. x2
Okay, then.
Okay, then.
Really read the scroll of immolation?
As you read the scroll of immolation, it crumbles to dust.
The creatures around you are filled with an inner flame!
The killer bee stings you. x2
You shoot an arrow. The arrow hits the killer bee!
The killer bee explodes!
The fiery explosion engulfs the killer bee!! x3
The fiery explosion engulfs you!!
The killer bee explodes! x2
The fiery explosion engulfs the killer bee!!
The killer bee explodes!
The fiery explosion engulfs the killer bee!!
The killer bee explodes! x2
You are engulfed in blazing flames.
You die...
Your body crumbles into a pile of gold.

## .. .. ##§ .# ..§§#§§
.# ..§§§§§##
####.###########@#
...............#.# #+##
...............#.# 8.8#
................###...##
...#######..######..(..#
#.(.#.#..#.######8.....8
##.##8........8#........
#.##...................
#..#...................


There were no monsters in sight!

Vanquished Creatures
  Edmund (D:4)
  2 ice beasts (D:5)
  A sky beast (D:3)
  A black bear (D:6)
  2 ogres (D:4)
  A centaur (D:8)
  2 scorpions
  6 killer bees (D:10)
  2 orc priests
  A gnoll bouda (D:5)
  2 hounds
  2 jellies
  3 orc wizards
  3 iguanas
  4 gnolls
  8 adders
  4 worms
  7 dart slugs
  20 orcs
  7 endoplasms
  A giant cockroach (D:4)
  5 goblins
  4 hobgoblins
  6 jackals
  8 kobolds
  4 quokkas
  5 ball pythons
  2 bats
  5 frilled lizards
  5 rats
124 creatures vanquished.

Notes
Turn   | Place    | Note
-------+----------+-------------------------------------------
     0 | D:1      | NeonRainbow the Formicid Hunter began the quest for the
                  | Orb.
     0 | D:1      | Reached XP level 1. HP: 16/16 MP: 1/1
   135 | D:1      | Reached XP level 2. HP: 22/22 MP: 2/2
   421 | D:1      | Reached XP level 3. HP: 27/27 MP: 3/3
   599 | D:2      | Reached skill level 5 in Ranged Weapons
   717 | D:2      | Reached XP level 4. HP: 33/33 MP: 4/4
   972 | D:2      | Reached XP level 5. HP: 38/38 MP: 5/5
   985 | D:2      | Reached skill level 6 in Ranged Weapons
  1693 | D:4      | Noticed a sky beast
  1702 | D:3      | Killed a sky beast
  1703 | D:3      | Reached skill level 7 in Ranged Weapons
  1703 | D:3      | Reached XP level 6. HP: 30/44 MP: 6/6
  1783 | D:4      | Noticed an ogre
  1786 | D:4      | Killed an ogre
  1787 | D:4      | Reached XP level 7. HP: 50/50 MP: 7/7
  1848 | D:4      | Noticed Edmund
  1863 | D:4      | Killed Edmund
  1864 | D:4      | Reached skill level 8 in Ranged Weapons
  2284 | D:4      | Reached skill level 9 in Ranged Weapons
  2491 | D:4      | Identified a scroll of acquirement
  2493 | D:4      | Acquired 980 gold pieces
  2520 | D:5      | Entered Level 5 of the Dungeon
  2531 | D:5      | Reached XP level 8. HP: 54/56 MP: 8/8
  2766 | D:5      | Reached skill level 10 in Ranged Weapons
  3344 | D:6      | Found an opulent altar of Gozag.
  3391 | D:6      | Became a worshipper of Gozag Ym Sagoz the Greedy
  3485 | D:6      | Reached skill level 11 in Ranged Weapons
  3618 | D:6      | Found a staircase to the Ecumenical Temple.
  3632 | D:6      | You fall into a shaft and drop 2 floors!
  3683 | D:8      | Reached XP level 9. HP: 48/61 MP: 9/9
  3710 | D:8      | You fall into a shaft and drop 2 floors!
  3710 | D:10     | Entered Level 10 of the Dungeon
  3833 | D:10     | Engulfed by a cloud of flame

Illustrated notes

Levels and vault maps discovered:
D:1:      zaba_arrival_water, layout_loops_ring, chequers_avenue
D:2:      layout_basic
D:3:      layout_basic
D:4:      layout_cave_pods, corexii_shack, kennysheep_boxes, uniq_edmund
D:5:      layout_basic, kennysheep_generic_room_3
D:6:      minmay_angry_zag, layout_loops_ring, mainiacjoe_overflow_alcove_1,
          minmay_temple_entry_nine_rooms, dk_rats_in_the_wall,
          uniq_crazy_yiuf_cottage
D:8:      layout_cave_pools
D:10:     hellmonk_crumbling_castle, layout_stronghold, nicolae_shop_gadgets

Skill      XL: |  1  2  3  4  5  6  7  8 |
---------------+-------------------------+-----
Ranged Weapons | 5 7 9 11 | 11.2
Fighting       | |  2.1
Dodging        | |  1.7
Stealth        | |  1.2

Action                     |  1- 3 |  4- 6 |  7- 9 || total
---------------------------+-------+-------+-------++-------
   Fire: Shortbow          |    56 |   103 |   190 ||   349
Ability: Dig               |       |       |     1 ||     1
         Shaft Self        |       |       |     1 ||     1
    Use: Potion            |       |     1 |     2 ||     3
         Scroll            |       |    11 |     4 ||    15
 Armour: Leather armour    |     3 |    15 |     7 ||    25
         Skin              |       |     5 |     4 ||     9
  Dodge: Dodged            |     6 |    34 |    37 ||    77
